 Dungeon Crawl Stone Soup version 0.16.2-12-gd0ad4c3 (webtiles) character file.

868 faibistes the Magician (level 7, -8/36 HPs)
             Began as a Deep Elf Wizard on Mar 29, 2018.
             Was a Follower of Sif Muna.
             Mangled by an orc warrior
             ... wielding a cursed -1 glaive
              (26 damage)
             ... on level 6 of the Dungeon.
             The game lasted 00:15:32 (6383 turns).

faibistes the Magician (Deep Elf Wizard)            Turns: 6383, Time: 00:15:32

Health: -8/36      AC:  3    Str:  4    XL:     7   Next: 73%
Magic:  15/25      EV: 14    Int: 25    God:    Sif Muna [*.....]
Gold:   345        SH:  0    Dex: 13    Spells: 6 memorised, 8 levels left

rFire  . . .     SeeInvis .     z - +2 dagger (elec)
rCold  . . .     Clarity  .     a - +0 robe
rNeg   + . .     SustAb   .     (no shield)
rPois  .         Gourm    .     t - +0 helmet (curse)
rElec  .         Spirit   .     (no cloak)
rCorr  .         Warding  .     (no gloves)
rMut   .         Stasis   .     (no boots)
MR     .....                    (no amulet)
Stlth  ++........               (no ring)
                                D - ring of positive energy

@: repel missiles, not resistant to hostile enchantments, unstealthy
A: no striking features
a: Channel Energy, Renounce Religion


You were on level 6 of the Dungeon.
You worshipped Sif Muna.
Sif Muna was aware of your devotion.
You were near starving.

You visited 2 branches of the dungeon, and saw 8 of its levels.

You collected 345 gold pieces.

Inventory:

Hand weapons
 e - a +0 short sword
 u - a cursed +0 dagger
 v - a +0 dagger of protection
 z - a +2 dagger of electrocution (weapon)
Armour
 a - a +0 robe (worn)
 b - a +0 hat
 t - a cursed +0 helmet (worn)
Jewellery
 D - a ring of positive energy (left hand)
Scrolls
 h - 2 scrolls of teleportation {unknown}
 j - 2 scrolls of identify {unknown}
 k - 2 scrolls of fear {unknown}
 l - a scroll of enchant weapon {unknown}
 n - a scroll of remove curse {unknown}
 r - a scroll of enchant armour {unknown}
 w - 2 scrolls of immolation {unknown}
 y - 2 scrolls of random uselessness {unknown}
 A - a scroll of amnesia {unknown}
Potions
 i - 2 potions of ambrosia {unknown}
 m - 2 potions of might {unknown}
 o - 4 potions of flight {unknown}
 p - a potion of poison {unknown}
 q - 2 potions of heal wounds {unknown}
 s - 3 potions of lignification {unknown}
 x - 2 potions of restore abilities {unknown}
 B - 2 potions of beneficial mutation {unknown}
 C - 2 potions of agility {unknown}
 E - a potion of invisibility {unknown}
 F - a potion of cancellation {unknown}
 I - a potion of curing {unknown}
Books
 c - a book of Minor Magic

   Spells                             Type                      Level
   a - Magic Dart                     Conjuration                  1
   b - Blink                          Translocation                2
   c - Call Imp                       Summoning                    2
   d - Repel Missiles                 Charms/Air                   2
   e - Slow                           Hexes                        2
   f - Conjure Flame                  Conjuration/Fire             3
   g - Mephitic Cloud                 Conjuration/Poison/Air       3
Comestibles
 d - 3 bread rations
 f - a royal jelly
 g - 4 beef jerkies
 G - 3 fruits


   Skills:
 + Level 5.0 Dodging
 - Level 2.4 Stealth
 * Level 7.7 Spellcasting
 * Level 4.5 Conjurations
 * Level 2.6 Summonings
 - Level 2.3 Translocations
 * Level 2.4 Fire Magic
 * Level 1.6 Air Magic
 + Level 1.2 Poison Magic


You had 8 spell levels left.
You knew the following spells:

 Your Spells              Type           Power        Failure   Level  Hunger
a - Magic Dart            Conj           ####         1%          1    None
b - Conjure Flame         Conj/Fire      ####....     6%          3    None
c - Call Imp              Summ           ###.....     3%          2    None
d - Blink                 Tloc           N/A          4%          2    None
e - Mephitic Cloud        Conj/Pois/Air  ###.....     10%         3    None
f - Repel Missiles        Chrm/Air       ##....       10%         2    None


Dungeon Overview and Level Annotations

Branches:
Dungeon (7/15)             Temple (1/1) D:4

Altars:
Ashenzari
Dithmenos
Elyvilon
Fedhas
Gozag
Makhleb
Nemelex Xobeh
Okawaru
Qazlal
Ru
Sif Muna
Trog
Vehumet
Xom
The Shining One


Message History

The fire roars!
The orc warrior hits you from afar with a glaive!
Casting: Conjure Flame
Confirm with . or Enter, or press ? or * to list all spells.
Aiming: Mephitic Cloud
Press: ? - help, Shift-Dir - straight line, f - orc warrior
Aim: an orc warrior, wielding a glaive and wearing a chain mail The ball explodes into a vile cloud!
The stinking cloud engulfs the orc warrior.
The stinking cloud engulfs the orc.
The orc warrior is engulfed in noxious fumes.
Unknown command.
The orc warrior is engulfed in roaring flames.
The orc warrior hits you with a glaive.
You closely miss the orc warrior.
The orc warrior is moderately wounded.
The orc warrior is engulfed in roaring flames.
The orc warrior hits you with a glaive!!
Ouch! That really hurt!
You die...

### #.## #.. #.#
############.# ##
#...§o§o@....#
.###################.#
+##.......# #.#
..........##########.####
..........#.............#
...................#.##.#
.....................##.#.#
.##.####.....#...#..........
.##.## #.....#...#...##.#.#


You could see an orc warrior and an orc.

Vanquished Creatures
  Menkaure (D:5)
  An ice beast (D:5)
  The ghost of faibistes the Magician, an average DEWz of Sif Muna (D:4)
  A giant frog zombie (D:4)
  A hound (D:4)
  4 orc priests
  A giant frog skeleton (D:5)
  An orc wizard (D:6)
  2 iguanas
  6 worker ants
  3 gnolls (D:3)
  4 adders
  2 worms (D:2)
  A giant mite (D:4)
  2 adder skeletons (D:4)
  A giant gecko (D:5)
  An ooze (D:3)
  9 orcs
  A bat skeleton (D:6)
  3 giant cockroaches
  9 goblins
  8 hobgoblins
  12 jackals
  4 quokkas
  3 bats
  2 giant gecko skeletons
  4 giant newts
  14 kobolds
  12 rats
114 creatures vanquished.

Vanquished Creatures (collateral kills)
  A gnoll (D:3)
  A giant cockroach (D:3)
2 creatures vanquished.

Vanquished Creatures (others)
  A crimson imp (D:3)
1 creature vanquished.

Grand Total: 117 creatures vanquished

Notes
Turn   | Place    | Note
--------------------------------------------------------------
     0 | D:1      | faibistes, the Deep Elf Wizard, began the quest for the Orb.
     0 | D:1      | Reached XP level 1. HP: 10/10 MP: 6/6
   362 | D:1      | Reached XP level 2. HP: 15/15 MP: 7/10
   366 | D:1      | Learned a level 2 spell: Blink
   369 | D:1      | Learned a level 2 spell: Call Imp
   670 | D:1      | Reached skill level 5 in Spellcasting
   992 | D:2      | Found a bloodstained altar of Trog.
  1180 | D:2      | Reached XP level 3. HP: 19/19 MP: 10/14
  1211 | D:2      | Learned a level 3 spell: Conjure Flame
  1215 | D:2      | Learned a level 3 spell: Mephitic Cloud
  1802 | D:2      | Learned a level 2 spell: Repel Missiles
  2111 | D:3      | Reached XP level 4. HP: 22/24 MP: 9/17
  2541 | D:3      | Reached skill level 6 in Spellcasting
  2793 | D:4      | Found an opulent altar of Gozag.
  2829 | D:3      | Reached XP level 5. HP: 28/28 MP: 2/20
  3254 | D:5      | Entered Level 5 of the Dungeon
  3394 | D:4      | Found a staircase to the Ecumenical Temple.
  3413 | Temple   | Entered the Ecumenical Temple
  3456 | Temple   | Became a worshipper of Sif Muna the Loreminder
  3649 | D:4      | Reached XP level 6. HP: 26/32 MP: 14/22
  3657 | D:4      | Reached skill level 7 in Spellcasting
  3851 | D:4      | Noticed faibistes' ghost (average DEWz)
  3902 | D:4      | Killed faibistes' ghost
  4913 | D:5      | Reached skill level 1 in Fire Magic
  4913 | D:5      | Reached XP level 7. HP: 36/36 MP: 19/25
  4933 | D:6      | Acquired Sif Muna's first power
  4933 | D:6      | Reached skill level 1 in Air Magic
  5192 | D:5      | Noticed Menkaure
  5201 | D:5      | Killed Menkaure
  5736 | D:5      | Found a sacrificial altar of Ru.
  6026 | D:5      | Noticed an ice beast
  6054 | D:5      | Killed an ice beast
  6054 | D:5      | Reached skill level 5 in Dodging
  6054 | D:5      | Reached skill level 1 in Poison Magic
  6383 | D:6      | Mangled by an orc warrior

Action                   |  1- 3 |  4- 6 |  7- 9 || total
-------------------------+-------+-------+-------++-------
Melee: Short sword       |     1 |       |       ||     1
       Dagger            |       |    38 |     9 ||    47
 Cast: Magic Dart        |    98 |   140 |    51 ||   289
       Repel Missiles    |     1 |       |       ||     1
       Call Imp          |       |     3 |       ||     3
       Conjure Flame     |       |     6 |     5 ||    11
       Mephitic Cloud    |       |     7 |     5 ||    12
       Blink             |       |     3 |       ||     3
 Stab: Confused          |       |     2 |       ||     2
  Eat: Chunk             |     3 |     9 |     2 ||    14
       Fruit             |       |       |     1 ||     1
